 Dungeon Crawl Stone Soup version 0.28.0-1-gb440e238dd (webtiles) character file.

Game seed: 4577041649522726534

59 Jenx the Sneak (level 3, -5/16 HPs)
             Began as a Spriggan Enchanter on Feb 21, 2022.
             Slain by a worm (10 damage)
             ... on level 3 of the Dungeon.
             The game lasted 00:04:57 (2114 turns).

Jenx the Sneak (Spriggan Enchanter)                 Turns: 2114, Time: 00:04:57

Health: -5/16      AC:  2    Str:  4    XL:     3   Next: 78%
Magic:  1/8        EV: 18    Int: 18    God:
Gold:   47         SH:  0    Dex: 15    Spells: 2/7 levels left

rFire   . . .      SeeInvis +   e - +0 short sword (flame)
rCold   . . .      Faith    .   (no shield)
rNeg    . . .      Spirit   .   b - +0 robe
rPois   .          Reflect  .   (helmet restricted)
rElec   .          Harm     .   (no cloak)
rCorr   .          Rampage  .   (gloves unavailable)
Will    .....                   (boots unavailable)
Stlth   +++.......              (no amulet)
HPRegen 0.05/turn               (no ring)
MPRegen 0.11/turn               (no ring)

@: very quick
A: very small, no large weapons, unfitting armour, see invisible, speed 3
a: no special abilities


You were on level 3 of the Dungeon.
You visited 1 branch of the dungeon, and saw 3 of its levels.

You collected 47 gold pieces.

Inventory:

Hand Weapons
 a - a +1 dagger
 e - a +0 short sword of flaming (weapon)
Armour
 b - a +0 robe (worn)
 j - a +0 buckler
Scrolls
 d - a scroll of fear {unknown}
 g - a scroll of torment {unknown}
 i - a scroll of teleportation {unknown}
 l - a scroll of identify {unknown}
Potions
 c - a potion of invisibility
 f - a potion of brilliance {unknown}
 h - a potion of mutation {unknown}
 k - a potion of resistance {unknown}


   Skills:
 + Level 2.0 Short Blades
 + Level 3.4 Dodging
 + Level 5.0 Stealth
 - Level 2.6 Spellcasting
 * Level 4.7 Hexes


You had 2 spell levels left.
You knew the following spells:

 Your Spells              Type           Power      Damage    Failure   Level
a - Ensorcelled Hibernat  Hex/Ice        20%        N/A       10%         2
b - Confusing Touch       Hex            19%        N/A       8%          3

Your spell library contained the following spells:

 Spells                   Type           Power      Damage    Failure   Level
 Tukima's Dance           Hex            19%        N/A       8%          3
 Dazzling Flash           Conj/Hex       20%        N/A       19%         3
 Olgreb's Toxic Radiance  Pois           2%         N/A       86%         4
 Summon Ice Beast         Ice/Summ       2%         N/A       86%         4
 Silence                  Hex/Air        5%         N/A       87%         5
 Summon Mana Viper        Hex/Summ       10%        N/A       87%         5
 Eringya's Noxious Bog    Tmut/Pois      1%         N/A       100%        6
 Monstrous Menagerie      Summ           1%         N/A       100%        7


Dungeon Overview and Level Annotations

Branches:
Dungeon (3/15)

Altars:

Shops:
D:1 !


Innate Abilities, Weirdness & Mutations

You are very small and have problems with some larger weapons.
You are too small for most types of armour.
You have supernaturally acute eyesight. (SInv)
You cover ground extremely quickly. (Speed+++)


Message History

Confirm with . or Enter, or press ? or * to list all spells.
Aiming: Ensorcelled Hibernation (safe; 10% risk of failure)
Press: ? - help, Shift-Dir - straight line, f/p - worm
Aim: a worm (lightly wounded, chance to affect: 52%)
You miscast Ensorcelled Hibernation.
You are very lightly contaminated with residual magic.
Nothing appears to happen.
You see here a +0 quarterstaff.
Your magical contamination has completely faded away.
Casting: Ensorcelled Hibernation (safe; 10% risk of failure)
Confirm with . or Enter, or press ? or * to list all spells.
Aiming: Ensorcelled Hibernation (safe; 10% risk of failure)
Press: ? - help, Shift-Dir - straight line, f/p - worm
Aim: a worm (chance to affect: 52%)
The worm resists with significant effort.
You start resting.
A worm is nearby!
Casting: Ensorcelled Hibernation (safe; 10% risk of failure)
Confirm with . or Enter, or press ? or * to list all spells.
Aiming: Ensorcelled Hibernation (safe; 10% risk of failure)
Press: ? - help, Shift-Dir - straight line, f/p - worm
Aim: a worm (chance to affect: 52%)
The worm resists with significant effort.
The worm closely misses you.
You barely miss the worm. The worm completely misses you.
You hit the worm. You burn the worm.
The worm is moderately wounded.
You barely miss the worm.
The worm is moderately wounded.
The worm closely misses you.
You hit the worm. You burn the worm.
The worm is moderately wounded.
You barely miss the worm.
The worm is moderately wounded.
The worm bites you.
You hit the worm. You burn the worm.
The worm is severely wounded.
The worm bites you!
Ouch! That really hurt!
You die...

#.....#####..##
#.....w........
#.....#..##....
##.#####.## . #.#
#..## #.# #...##
.# ##.## #....#
.# #..w####)†..#
.#
#.#.@......#####
.#
#...####..###..##
.. #####
#.###....## ..
#.##.....[##..
#..†......w†.#
#####.##.####.
#.##.# ...#.#
#...#.r


You could see a worm.

Vanquished Creatures
  An adder (D:3)
  3 dart slugs (D:1)
  A worm (D:2)
  6 ball pythons
  3 endoplasms
  4 giant cockroaches
  A goblin (D:1)
  4 hobgoblins
  4 kobolds
  4 quokkas
  5 bats
  4 rats
40 creatures vanquished.

Notes
Turn   | Place    | Note
-------+----------+-------------------------------------------
     0 | D:1      | Jenx the Spriggan Enchanter began the quest for the Orb.
     0 | D:1      | Reached XP level 1. HP: 9/9 MP: 5/5
   457 | D:1      | Reached XP level 2. HP: 13/13 MP: 6/6
   463 | D:1      | Learned a level 2 spell: Ensorcelled Hibernation
   555 | D:1      | Found Zeru Vod's Distillery.
   924 | D:1      | Reached XP level 3. HP: 16/16 MP: 8/8
   931 | D:1      | Learned a level 3 spell: Confusing Touch
  1358 | D:2      | Found a faded altar of an unknown god.
  1364 | D:2      | Reached skill level 5 in Stealth
  1639 | D:2      | Got Soaggigh's Volume of Gliding Intoxication
  2114 | D:3      | Slain by a worm

Illustrated notes

Levels and vault maps discovered:
D:1:      evilmike_arrival_hilbert_curve, layout_loops_ring, serial_shops,
          nicolae_shop_behind_doors
D:2:      layout_basic, basic_ecumenical_altar, serial_bayou_lagoon_a
D:3:      layout_loops_ring, grunt_temple_overflow_gold_and_silver,
          grunt_nemelex_the_gamble, mainiacjoe_overflow_two_lobes,
          gammafunk_ghost_abyssal_escape, minivault_19

Skill      XL: |  1  2  3 |
---------------+----------+-----
Dodging        | 3 |  3.4
Hexes          | 4 |  4.7
Stealth        | 5 |  5.0
Short Blades   | 2 |  2.0
Spellcasting   | |  2.6

Action                   || total
-------------------------++-------
Melee: Dagger            ||    31
       Punch             ||     4
       Short sword       ||    94
 Cast: Ensorcelled Hiber ||    15
 Stab: Sleeping          ||    20
Armor: Robe              ||    12
Dodge: Dodged            ||    89
